 Dungeon Crawl Stone Soup version 0.20.1-1-g8b1a95d (webtiles) character file.

707 Gerstahl the Slasher (level 7, -3/67 HPs)
             Began as a Naga Skald on Nov 28, 2017.
             Slain by Lanoc's ghost (13 damage)
             ... on level 5 of the Dungeon.
             The game lasted 00:19:38 (6410 turns).

Gerstahl the Slasher (Naga Skald)                   Turns: 6410, Time: 00:19:38

Health: -3/67      AC:  6    Str: 16    XL:     7   Next: 67%
Magic:  10/10      EV:  9    Int: 18    God:
Gold:   217        SH:  0    Dex: 13    Spells: 4/10 levels left

rFire    + . .     SeeInvis +   a - +0 falchion
rCold    x . .     Gourm    .   (no shield)
rNeg     + . .     Faith    .   b - +0 leather armour
rPois    +         Spirit   .   (no helmet)
rElec    .         Reflect  .   (no cloak)
rCorr    .         Harm     .   h - +2 pair of gloves {Dex+3}
MR       .....                  (no barding)
Stlth    +.........             (no amulet)
Regen    0.3/turn               k - ring of fire
MPRegen  0.2/turn               o - ring of positive energy

@: brilliant, berserk cooldown, very slightly contaminated, slowed, heavily
drained, invisible, very slow
A: see invisible, deformed body, poison resistance, slowness 2, slow metabolism
1, spit poison 1, AC +2
a: Spit Poison


You were on level 5 of the Dungeon.
You were very hungry.

You visited 1 branch of the dungeon, and saw 5 of its levels.

You collected 217 gold pieces.

Inventory:

Hand Weapons
 a - a +0 falchion (weapon)
Armour
 b - a +0 leather armour (worn)
 h - a +2 pair of gloves of dexterity (worn)
 r - a +0 pair of gloves
Jewellery
 k - a ring of fire (left hand)
 l - a -5 ring of intelligence
 o - a ring of positive energy (right hand)
 u - a cursed ring of teleportation {unknown}
 y - an uncursed ring of see invisible {unknown}
Wands
 A - a wand of scattershot (1/9)
 B - a wand of lightning (7/15)
 D - a wand of disintegration (0/24)
Scrolls
 f - 2 scrolls of enchant armour
 i - 3 scrolls of blinking {unknown}
 j - 4 scrolls of identify
 m - 2 scrolls of remove curse
Potions
 n - a potion of brilliance
 v - a potion of ambrosia
 w - 2 potions of curing
 z - a potion of cancellation {unknown}
 C - a potion of invisibility
Books
 c - a book of Battle

   Spells                             Type                      Level
   a - Infusion                       Charms                       1
   b - Shroud of Golubria             Charms/Translocation         2
   c - Song of Slaying                Charms                       2
   d - Spectral Weapon                Hexes/Charms                 3
   e - Regeneration                   Charms/Necromancy            3
 g - a book of Cantrips

   Spells                             Type                      Level
   a - Confusing Touch                Hexes                        1
   b - Animate Skeleton               Necromancy                   1
   c - Summon Small Mammal            Summoning                    1
   d - Apportation                    Translocation                1
Comestibles
 d - 3 bread rations
 p - a meat ration
 q - a fruit
 s - a royal jelly


   Skills:
 + Level 5.0(3.8) Fighting
 + Level 6.9(5.6) Long Blades
 - Level 0.7(0.0) Armour
 - Level 1.5(0.4) Dodging
 - Level 0.9(0.0) Stealth
 - Level 2.0(0.8) Spellcasting
 - Level 3.0(1.8) Charms


You had 4 spell levels left.
You knew the following spells:

 Your Spells              Type           Power        Failure   Level  Hunger
a - Infusion              Chrm           ###.         1%          1    ##.....
b - Shroud of Golubria    Chrm/Tloc      ##........   3%          2    ###....
c - Regeneration          Chrm/Necr      ##........   6%          3    ####...


Dungeon Overview and Level Annotations

Branches:
Dungeon (5/15)
 Temple: D:4-7

Altars:
Elyvilon

Annotations:
D:5 Lanoc's ghost, novice TrSk


Innate Abilities, Weirdness & Mutations

You cannot wear boots.
Your serpentine skin is tough. (AC +2)
You have supernaturally acute eyesight. (SInv)
Armour fits poorly on your strangely shaped body.
Your system is resistant to poisons. (rPois)
You cover ground very slowly.
You have a slow metabolism.
You can spit poison.


Message History

Lanoc's ghost is heavily damaged.
You closely miss Lanoc's ghost.
Lanoc's ghost is heavily damaged.
The giant cockroach bites you.
The shadow imp hits you but does no damage.
Lanoc's ghost hits you!
* * * LOW HITPOINT WARNING * * *
You partially resist.
You feel drained.
* * * LOW HITPOINT WARNING * * *
You hit Lanoc's ghost.
Lanoc's ghost is heavily damaged.
The shadow imp hits you.
* * * LOW HITPOINT WARNING * * *
Lanoc's ghost says, "They'll have to sweep you off the floor after I'm finished with you!"
Lanoc's ghost barely misses you.
You riposte.
You closely miss Lanoc's ghost.
Lanoc's ghost is heavily damaged.
The giant cockroach bites you but does no damage.
The shadow imp hits you but does no damage.
Lanoc's ghost hits you!
You die...

.................
.........$.....#
...............
.......$.....#
.............#
.............#
........Z.####
.......sW5#
###+#...@.#
#..#### #.. ##.
#. #. #.


You could see Lanoc's ghost, a shadow imp, a giant cockroach and an adder
skeleton.

Vanquished Creatures
  Sigmund (D:2)
  2 ogres (D:4)
  A bullfrog zombie (D:5)
  A hound (D:4)
  A bullfrog skeleton (D:4)
  2 orc priests
  An iguana (D:4)
  7 adders
  An ooze (D:2)
  An adder skeleton (D:4)
  A worm (D:4)
  3 dart slugs
  6 leopard geckos
  10 orcs
  9 giant cockroaches
  5 goblins
  6 hobgoblins
  8 jackals (D:3)
  2 quokkas
  5 ball pythons
  3 bats
  8 frilled lizards
  A jackal skeleton (D:4)
  10 kobolds
  A quokka skeleton (D:4)
  14 rats
110 creatures vanquished.

Vanquished Creatures (others)
  Ijyb (D:4)
1 creature vanquished.

Grand Total: 111 creatures vanquished

Notes
Turn   | Place    | Note
-------+----------+-------------------------------------------
     0 | D:1      | Gerstahl the Naga Skald began the quest for the Orb.
     0 | D:1      | Reached XP level 1. HP: 19/19 MP: 3/3
   575 | D:1      | Reached XP level 2. HP: 24/27 MP: 5/5
  1050 | D:1      | Reached XP level 3. HP: 33/33 MP: 6/6
  1165 | D:1      | Reached skill level 3 in Long Blades
  1331 | D:2      | Found a white marble altar of Elyvilon.
  1341 | D:2      | Reached XP level 4. HP: 28/40 MP: 7/7
  1559 | D:2      | Noticed Sigmund
  2075 | D:3      | Reached skill level 4 in Long Blades
  2500 | D:3      | HP: 2/42 [poisoned by an adder]
  2501 | D:3      | Reached XP level 5. HP: 2/49 MP: 3/8
  2833 | D:3      | Learned a level 2 spell: Shroud of Golubria
  2837 | D:3      | Learned a level 3 spell: Regeneration
  3666 | D:4      | Noticed Ijyb
  3667 | D:4      | Noticed an ogre
  3933 | D:3      | Reached skill level 5 in Long Blades
  3933 | D:3      | Reached XP level 6. HP: 40/57 MP: 9/9
  4274 | D:2      | Killed Sigmund
  5110 | D:4      | Reached skill level 6 in Long Blades
  5171 | D:4      | Reached XP level 7. HP: 40/64 MP: 10/10
  5214 | D:4      | Killed Ijyb
  6313 | D:5      | Entered Level 5 of the Dungeon
  6351 | D:5      | Reached skill level 5 in Fighting
  6386 | D:5      | Noticed Lanoc's ghost (novice TrSk)
  6410 | D:5      | Slain by Lanoc's ghost

Skill      XL: |  1  2  3  4  5  6  7 |
---------------+----------------------+-----
Long Blades    | 3 4 5 6 |  6.9
Fighting       | 3 4 5 |  5.0
Armour         | |  0.7
Dodging        | |  1.5
Stealth        | |  0.9
Spellcasting   | |  2.0
Charms         | |  3.0

Action                   |  1- 3 |  4- 6 |  7- 9 || total
-------------------------+-------+-------+-------++-------
Melee: Falchion          |    97 |   235 |    61 ||   393
 Cast: Infusion          |       |     3 |       ||     3
 Abil: Spit Poison       |    10 |    22 |     8 ||    40
Evoke: Wand              |       |       |     3 ||     3
  Use: Scroll            |     1 |     4 |     3 ||     8
       Potion            |       |     1 |     4 ||     5
 Stab: Sleeping          |       |     2 |       ||     2
       Invisible         |       |       |     2 ||     2
  Eat: Chunk             |     1 |     6 |     2 ||     9
       Meat ration       |       |     1 |       ||     1
       Fruit             |       |     1 |       ||     1
Armor: Leather armour    |    47 |   109 |    19 ||   175
Dodge: Dodged            |    51 |   146 |    46 ||   243
       Rpst.: Falchion   |    17 |    49 |    11 ||    77
